AoeStats
← Fatih

Nomad

510529101Analyzed
4v4 RM · 1d ago on Oct 1, 2026· 52m 46s· 8 players
Game mode
Random Map
Map size
231×231
Population
200
Speed
Normal
Resources
Standard
Victory
Conquest
Starting age
Dark Age
Ending age
Imperial Age
RankedLock teamsTeams togetherTeam positionsShared explorationLock speedFull tech treeHidden civsTurbo modeCheats
Victory
Defeat
🇨🇳 Spanish · China
1405
+11
🇩🇪 Koreans · Germany
1388
+12
🇨🇳 Britons · China
1267
+17
🇬🇧 Cumans · United Kingdom
1249
+18
🇨🇳 Saxons · China
1320
-16
1318
-15
🇷🇺 Spanish · Russia
1276
-14
🇹🇷 Vietnamese · Türkiye
1255
-13
[Sacred Fart] Turk Turkelton
5:44 Loom
12:30 Feudal Age
13:17 Double-Bit Axe
14:25 Town Watch
17:23 Castle Age
15:53 Fletching
17:38 Bloodlines
18:47 Bow Saw
20:44 Bodkin Arrow
20:35 Horse Collar
22:48 Husbandry
24:04 Wheelbarrow
25:20 Heavy Plow
25:54 Padded Archer Armor
26:49 Elite Skirmisher
27:52 Hand Cart
28:18 Leather Archer Armor
28:24 Ballistics
30:44 Elite Skirmisher
39:13 Imperial Age
Fatih
4:43 Loom
14:01 Feudal Age
14:29 Double-Bit Axe
14:58 Gold Mining
19:28 Castle Age
18:09 Stone Mining
19:24 Fletching
22:09 Bodkin Arrow
22:29 Bow Saw
23:50 Medium Warships
23:23 Fishing Lines
26:17 Padded Archer Armor
26:36 Gillnets
26:24 Demolition Ship
29:50 Ballistics
29:41 Careening
29:42 Clinker Construction
31:08 Leather Archer Armor
33:27 Imperial Age
33:40 Elite Rattan Archer
35:28 Chemistry
34:46 Horse Collar
35:57 Heavy Plow
37:07 Bracer
39:40 Ring Archer Armor
39:25 Bloodlines
40:21 Wheelbarrow
41:00 Scale Barding Armor
41:05 Forging
42:01 Crop Rotation
43:12 Two-Man Saw
43:28 Chatras
43:50 Paper Money
44:51 Husbandry
44:14 Elite Battle Elephant
46:41 Chain Barding Armor
46:57 Iron Casting
50:34 Plate Barding Armor
S.T.A.R.S. Wesker
11:27 Loom
15:09 Feudal Age
19:18 Castle Age
17:29 Fishing Lines
20:22 Double-Bit Axe
21:00 Horse Collar
22:05 Wheelbarrow
21:44 Bow Saw
22:34 Heavy Plow
30:49 Imperial Age
31:02 Scale Mail Armor
31:12 Forging
31:00 Elite Varangian Guard
31:41 Squires
31:26 Arson
31:32 Gambesons
32:03 Chain Mail Armor
32:03 Town Watch
34:19 Plate Mail Armor
34:24 Iron Casting
35:13 Fletching
36:40 Bodkin Arrow
36:40 Guard Tower
38:18 Shield Wall
45:17 Bracer
46:21 Chemistry
45:43 Ballistics
45:34 Masonry
45:20 Murder Holes
48:20 Fortified Wall
49:05 Keep
Ening_54
5:22 Loom
17:19 Feudal Age
21:06 Castle Age
18:58 Double-Bit Axe
19:09 Fishing Lines
19:47 Horse Collar
22:21 Bow Saw
22:14 Heavy Plow
22:37 Gold Mining
23:51 Wheelbarrow
23:37 Padded Archer Armor
28:03 Stone Mining
30:58 Leather Archer Armor
40:32 Imperial Age
37:48 Town Watch
40:07 Stone Shaft Mining
41:15 Bloodlines
41:05 Husbandry
41:30 Hand Cart
41:15 Town Patrol
41:53 Ring Archer Armor
42:47 Two-Man Saw
42:21 Conscription
42:48 Conscription
44:03 Elite Conquistador
51:22 Forging
51:17 Scale Barding Armor
Ren
5:27 Loom
14:10 Feudal Age
17:47 Castle Age
16:03 Double-Bit Axe
16:45 Horse Collar
16:56 Gold Mining
18:40 Bow Saw
19:13 Heavy Plow
19:04 Fishing Lines
23:02 Padded Archer Armor
23:44 Wheelbarrow
28:22 Husbandry
28:43 Bloodlines
30:03 Leather Archer Armor
34:09 Imperial Age
31:49 Fletching
33:20 Scale Barding Armor
33:26 Forging
32:39 Light Cavalry
35:16 Chain Barding Armor
34:17 Cavalier
35:25 Conscription
35:03 Stone Mining
36:09 Hand Cart
37:28 Plate Barding Armor
37:29 Iron Casting
39:04 Chemistry
38:48 Stone Shaft Mining
39:22 Guilds
38:34 Paladin
40:49 Town Watch
41:25 Herbal Medicine
42:50 Blast Furnace
42:29 Ballistics
43:59 Ring Archer Armor
43:51 Bombard Tower
43:28 Murder Holes
44:53 Elite Conquistador
45:54 Supremacy
50:52 Two-Man Saw
50:10 Fervor
50:39 Guard Tower
50:59 Masonry
4Tapping
8:40 Loom
13:36 Feudal Age
16:42 Wheelbarrow
18:43 Town Watch
23:19 Castle Age
21:10 Fletching
21:33 Padded Archer Armor
22:04 Double-Bit Axe
22:01 Horse Collar
23:22 Elite Skirmisher
24:02 Bodkin Arrow
28:10 Ballistics
28:27 Bow Saw
30:31 Thumb Ring
31:32 Hand Cart
32:38 Heavy Plow
33:00 Gold Mining
33:00 Stone Mining
32:54 Capped Ram
35:36 Leather Archer Armor
36:35 Gold Shaft Mining
36:16 Careening
36:02 Murder Holes
39:26 Imperial Age
37:18 Steppe Husbandry
37:55 Town Patrol
38:11 Forging
38:07 Scale Barding Armor
40:08 Iron Casting
39:46 Elite Steppe Lancer
40:38 Bloodlines
42:11 Blast Furnace
41:32 Chain Barding Armor
41:45 Conscription
43:38 Chemistry
43:43 Two-Man Saw
43:14 Crop Rotation
45:03 Coinage
52:53 Plate Barding Armor
53:31 Masonry
NEO
3:37 Loom
13:21 Feudal Age
17:48 Castle Age
15:54 Fishing Lines
16:14 Double-Bit Axe
18:53 Bow Saw
18:58 Gillnets
24:15 Horse Collar
27:15 Heavy Plow
31:11 Fletching
32:49 Bodkin Arrow
33:17 Ballistics
34:50 Wheelbarrow
37:52 Imperial Age
37:03 Murder Holes
37:40 Eupseong
39:12 Hand Cart
39:15 Bracer
41:28 Conscription
43:16 Elite War Wagon
46:58 Chemistry
46:04 Siege Engineers
xcfotrp131
4:21 Loom
14:25 Feudal Age
18:47 Castle Age
17:54 Double-Bit Axe
17:52 Horse Collar
18:23 Stone Mining
25:11 Fletching
28:40 Bodkin Arrow
30:38 Gold Mining
31:25 Wheelbarrow
36:12 Imperial Age
35:05 Hand Cart
35:23 Padded Archer Armor
36:03 Ballistics
36:08 Bow Saw
37:48 Elite Longbowman
41:49 Gold Shaft Mining
42:38 Chemistry
Connection lost

Rejoining the realm…

Still unreachable

The connection could not be restored.

Session expired

The server has moved on; the page needs a fresh start.